Cogmind - Beta 13 @@@ ROGUE MODE // 2024.04.04 @ 21:11:03 Player: Lunace Result: Destroyed by G-34 Mercenary with Small Laser Performance ------------- Evolutions (1) 500 Regions Visited (4) 800 Robots Destroyed (28) 140 Value Destroyed (722) 722 Prototype IDs (3) 60 Alien Tech Used (0) 0 Bonus (0) 0 TOTAL SCORE: 2222 Bonus ------- None Cogmind --------- Core Integrity 0/400 Matter 296/300 Energy 124/125 System Corruption 1% Temperature Cool (6) Movement Core (100) Ox1 Location -9/Storage Parts ------- > --- POWER (1) -------- Light Ion Engine > --- PROPULSION (4) --- (None) > --- UTILITY (2) ------ Visual Processing Unit > --- WEAPON (2) ------- Light Assault Rifle > --- INVENTORY (5) ---- Datajack Peak State ------------ > --- POWER ------------ Light Ion Engine > --- PROPULSION ------- Improved Aluminum Leg Improved Aluminum Leg Improved Aluminum Leg Improved Flight Unit > --- UTILITY ---------- Visual Processing Unit Sensor Array > --- WEAPON ----------- Advanced Beam Cannon Rocket Launcher > --- INVENTORY -------- Improved Aluminum Leg Flight Unit Light Assault Rifle Light Assault Rifle [Rating: 18] Favorites ----------- Power Light Ion Engine Engine Light Ion Engine Power Core Light Nuclear Core Propulsion Flight Unit Leg Aluminum Leg Flight Unit Flight Unit Utility Sensor Array Device Sensor Array Storage Small Storage Unit Processor Visual Processing Unit Weapon Light Assault Rifle Energy Gun Improved Medium Laser Energy Cannon Advanced Beam Cannon Ballistic Gun Light Assault Rifle Launcher Rocket Launcher Build | -11 -10 -10 -9 -9 ------- Run | Yrd Mat Min Mat Sto Slots Evolved 2 | . . . 2 . Power . | . . . . . Propulsion 2 | . . . 2 . Utility . | . . . . . Weapon . | . . . . . Parts Attached 51 | 6 15 . 3 27 Power 8 | 1 3 . 1 3 Engine 6 | 1 2 . . 3 Core 2 | . 1 . 1 . Reactor . | . . . . . Propulsion 21 | 2 4 . 2 13 Treads . | . . . . . Leg 13 | 2 2 . . 9 Wheel . | . . . . . Hover . | . . . . . Flight 8 | . 2 . 2 4 Utility 5 | 1 3 . . 1 Device 3 | . 3 . . . Storage 1 | 1 . . . . Processor 1 | . . . . 1 Hackware . | . . . . . Protection . | . . . . . Artifact . | . . . . . Weapon 17 | 2 5 . . 10 Energy Gun 1 | . . . . 1 Energy Cannon 2 | . . . . 2 Ballistic Gun 12 | 2 4 . . 6 Ballistic Cannon . | . . . . . Launcher 2 | . 1 . . 1 Special Weapon . | . . . . . Impact Weapon . | . . . . . Slashing Weapon . | . . . . . Piercing Weapon . | . . . . . Special Melee Weapon . | . . . . . Unidentified Prototypes 3 | . . . . 3 Parts Lost 13 | . . . 2 11 Power 2 | . . . 1 1 Propulsion 8 | . . . 1 7 Utility 1 | . . . . 1 Weapon 2 | . . . . 2 Highest Loss Streak 3 | . . . 2 3 To Critical Strikes . | . . . . . Average Slot Usage (%) 88 | . 92 100 97 82 Engine 6 | . 2 14 . 8 Core 5 | . 11 . 10 . Leg 17 | . 26 . . 17 Flight 14 | . 1 28 43 17 Device 13 | . 10 28 22 11 Storage 4 | . 13 . . . Processor 3 | . . . . 7 Energy Cannon 2 | . . . . 5 Ballistic Gun 18 | . 25 28 22 9 Launcher 1 | . . . . 2 Naked Turns . | . . . . . Heaviest Build 14 | 12 14 7 9 12 Greatest Support 52 | 20 20 8 16 52 Greatest Overweight (x) 2 | . . . . 2 Average Overweight (x) . | . . . . . Largest Inventory Capacity 8 | 8 8 5 5 5 Average Capacity 6 | 6 7 5 5 5 Most Carried 8 | 4 8 4 3 5 Average Carried 2 | 1 4 4 2 1 Final Capacity 8 | 8 5 5 5 5 Final Carried 4 | 1 4 4 3 1 Class Distribution -------------------- 49% | Mutant 37% | Scavenger-Mutant 13% | Scavenger-Sprinter Dominant Class ---------------- Mutant | -10/Materials Scavenger-Mutant | -10/Mines Scavenger-Sprinter | -9/Materials Scavenger-Mutant | -9/Storage Resources | -11 -10 -10 -9 -9 ----------- Run | Yrd Mat Min Mat Sto Matter Collected 851 | 201 210 . 11 429 Remotely . | . . . . . Salvage Created 899 | . 210 . 21 668 Parts 66 | . 15 . 3 48 Haulers Intercepted . | . . . . . Recyclers Shooed 2 | . 1 . . 1 Parts Field Recycled . | . . . . . Retrieved Matter . | . . . . . Parts Self-Destructed . | . . . . . Prevented . | . . . . . Kills | -11 -10 -10 -9 -9 ------- Run | Yrd Mat Min Mat Sto Combat Hostiles Destroyed 23 | . 6 . 2 15 Guns 16 | . 6 . 2 8 Cannons 7 | . . . . 7 Classes Destroyed 6 | . 3 . . 3 Worker 1 | . . . . 1 Recycler 1 | . . . . 1 Watcher 3 | . 2 . . 1 Swarmer 8 | . 3 . 2 3 Grunt 14 | . 3 . . 11 Sentry 1 | . . . . 1 Best Kill Streak 6 | . 3 . 2 6 Combat Bots Only 4 | . 3 . 2 4 Max Kills in Single Turn 1 | . 1 . 1 1 Gunslinging . | . . . . . Exploded . | . . . . . Melee . | . . . . . Uniques/NPCs Destroyed . | . . . . . Combat | -11 -10 -10 -9 -9 -------- Run | Yrd Mat Min Mat Sto Hostile Shots Fired 207 | . 37 1 28 141 Missed 59 | . 10 . 9 40 Damage Taken 1618 | . 309 10 143 1156 Core 437 | . 32 . 19 386 Absorbed by Shields . | . . . . . Regen/Repaired (Parts) 21 | . . . . 21 Core Remaining (%) 93 | 100 . 87 . . Volleys Fired 129 | . 26 . 6 97 Largest 2 | . 2 . 2 2 Hottest 136 | . 50 . 40 136 Shots Fired 191 | . 52 . 12 127 Gun 147 | . 51 . 12 84 Cannon 39 | . . . . 39 Launcher 5 | . 1 . . 4 Special . | . . . . . Kinetic 147 | . 51 . 12 84 Thermal 39 | . . . . 39 Explosive 5 | . 1 . . 4 Electromagnetic . | . . . . . Robot Hit Streak 11 | . 9 . 10 11 Robot Miss Streak 5 | . 3 . 4 5 Penetration Max . | . . . . . Secondary Targets 3 | . 2 . . 1 Max Gunslinging Chain 1 | . 1 . . 1 Shots Hit Robots 104 | . 29 . 4 71 Core Hits 51 | . 16 . 2 33 Critical Kills 1 | . . . . 1 Critical Parts Destroyed 2 | . 2 . . . Critical Strikes 3 | . 2 . . 1 Meltdown 1 | . . . . 1 Destroy 2 | . 2 . . . Melee Attacks . | . . . . . Impact . | . . . . . Slashing . | . . . . . Piercing . | . . . . . Sneak Attacks . | . . . . . Combat Hostiles . | . . . . . Follow-up Attacks . | . . . . . Damage Inflicted 1172 | . 277 . 38 857 Guns 716 | . 232 . 38 446 Cannons 411 | . . . . 411 Explosions 45 | . 45 . . . Melee . | . . . . . Ramming . | . . . . . Kinetic 716 | . 232 . 38 446 Thermal 411 | . . . . 411 Explosive 45 | . 45 . . . Electromagnetic . | . . . . . Impact . | . . . . . Slashing . | . . . . . Piercing . | . . . . . Highest Corruption 1 | . . . . 1 Average Corruption 1 | . . . . 1 Corruption Purged . | . . . . . Corruption Blocked . | . . . . . Effects 9 | . . . . 9 Heat Flow Errors 3 | . . . . 3 Energy Discharges 1 | . . . . 1 Data Loss (minor) 2 | . . . . 2 Data Loss (major) 1 | . . . . 1 Weapon Failures 2 | . . . . 2 Overload Shots . | . . . . . Overflow Damage 2 | . 2 . . . Projectiles . | . . . . . Explosions 2 | . 2 . . . Melee . | . . . . . Knockbacks . | . . . . . Impact . | . . . . . Kinetic . | . . . . . Secondary . | . . . . . Self-Inflicted Damage 33 | . . . . 33 Shots 3 | . . . . 3 Rammed 1 | . . . . 1 Targets Rammed 1 | . . . . 1 Kicked . | . . . . . Crushed . | . . . . . Highest Temperature 414 | . 30 . 14 414 Average Temperature 103 | . 8 . 7 128 Received Heat Transfer 606 | . 117 . . 489 Effects 3 | . . . . 3 Interference 3 | . . . . 3 Siege Activations . | . . . . . Robots Corrupted . | . . . . . Combat Hostiles . | . . . . . Parts Fried . | . . . . . Impact Corruptions . | . . . . . Robots Melted 1 | . . . . 1 Combat Hostiles . | . . . . . Parts Melted 3 | . . . . 3 Heat Transferred 740 | . . . . 740 Parts Sabotaged . | . . . . . Parts Stolen . | . . . . . Parts Stripped . | . . . . . Power Chain Reactions . | . . . . . Alert | -11 -10 -10 -9 -9 ------- Run | Yrd Mat Min Mat Sto Peak Influence 298 | . 99 22 54 298 Initial 14 | . . 7 14 14 Average 83 | . 35 7 18 155 Maximum Alert Level 1 | . . . . 1 Low Security (%) 87 | 100 100 100 100 71 Level 1 12 | . . . . 28 Level 2 . | . . . . . Level 3 . | . . . . . Level 4 . | . . . . . Level 5 . | . . . . . High Security . | . . . . . Max Security . | . . . . . Squads Dispatched 8 | . 2 . . 6 Investigation 4 | . 1 . . 3 Extermination . | . . . . . Reinforcement 2 | . 1 . . 1 Assault . | . . . . . Garrison 2 | . . . . 2 Intercept . | . . . . . Searches Triggered . | . . . . . Construction Impeded . | . . . . . Haulers Reinforced . | . . . . . Active Scanning Responses . | . . . . . Cargo Convoy Interrupts . | . . . . . Stealth | -11 -10 -10 -9 -9 --------- Run | Yrd Mat Min Mat Sto Distress Signals 3 | . 1 . 1 1 Communications Jammed . | . . . . . Distress Signals . | . . . . . Times Spotted 39 | . 10 3 7 19 Peak Tracking Total 7 | . 4 3 7 4 Tactical Retreats 3 | . 1 1 . 1 Traps | -11 -10 -10 -9 -9 ------- Run | Yrd Mat Min Mat Sto Traps Triggered 2 | . 2 . . . Indirectly . | . . . . . Trap Hack Attempts . | . . . . . Triggered . | . . . . . Disarmed . | . . . . . Reprogrammed . | . . . . . Reused . | . . . . . Traps Extracted . | . . . . . Installed . | . . . . . Triggered . | . . . . . Machines | -11 -10 -10 -9 -9 ---------- Run | Yrd Mat Min Mat Sto Machines Disabled 4 | . . . . 4 Max in Single Turn 1 | . . . . 1 Machines Repaired . | . . . . . Machines Dismantled . | . . . . . Machines Sabotaged . | . . . . . Overloaded Fab Kills . | . . . . . Hacking | -11 -10 -10 -9 -9 --------- Run | Yrd Mat Min Mat Sto Machines Accessed 15 | . 4 . . 11 Terminals 12 | . 4 . . 8 Fabricators . | . . . . . Repair Stations 1 | . . . . 1 Recycling Units 2 | . . . . 2 Scanalyzers . | . . . . . Garrison Access . | . . . . . Total Hacks 32 | . 10 . . 22 Successful 14 | . 3 . . 11 Failed 18 | . 7 . . 11 Catastrophic 4 | . 1 . . 3 Database Lockouts . | . . . . . Manual . | . . . . . Terminals 26 | . 10 . . 16 Fabricators . | . . . . . Repair Stations 3 | . . . . 3 Recycling Units 3 | . . . . 3 Scanalyzers . | . . . . . Garrison Access . | . . . . . Terminal Hacks 9 | . 3 . . 6 Prototype ID Bank 1 | . . . . 1 Open Door 2 | . . . . 2 Branch Access Points 1 | . 1 . . . Unreport Threat 2 | . 1 . . 1 Locate Traps 3 | . 1 . . 2 Fabricator Hacks . | . . . . . Repair Station Hacks 2 | . . . . 2 Scan Component 1 | . . . . 1 Repair 1 | . . . . 1 Recycling Unit Hacks 3 | . . . . 3 Process 1 | . . . . 1 Report Inventory 2 | . . . . 2 Scanalyzer . | . . . . . Garrison Access Hacks . | . . . . . Unauthorized Hacks . | . . . . . Terminals . | . . . . . Fabricators . | . . . . . Repair Stations . | . . . . . Recycling Units . | . . . . . Scanalyzers . | . . . . . Garrison Access . | . . . . . Data Cores Recovered . | . . . . . Used . | . . . . . Hacking Detections 9 | . 3 . . 6 Full Trace Events 3 | . . . . 3 Feedback Events 1 | . . . . 1 Corruption 1 | . . . . 1 Feedback Blocked . | . . . . . Robot Schematics Acquired . | . . . . . Robots Built . | . . . . . Authchips . | . . . . . Time . | . . . . . Total Robot Build Rating . | . . . . . Part Schematics Acquired . | . . . . . Parts Built . | . . . . . Authchips . | . . . . . Time . | . . . . . Total Part Build Rating . | . . . . . Parts Repaired 1 | . . . . 1 Time 51 | . . . . 51 Parts Recycled . | . . . . . Recycled Matter 6 | . . . . 6 Retrieved Matter . | . . . . . Retrieved Components . | . . . . . Parts Scanalyzed . | . . . . . Part Schematics Acquired . | . . . . . Parts Damaged . | . . . . . Bothacking | -11 -10 -10 -9 -9 ------------ Run | Yrd Mat Min Mat Sto Used RIF Installer . | . . . . . Robots Hacked . | . . . . . Non-combat . | . . . . . Combat . | . . . . . Robot Hacks Applied . | . . . . . Relay Couplers Released . | . . . . . Fabnet Peak Effective % . | . . . . . Robots Rewired . | . . . . . Allies Hacked . | . . . . . Hacks Repelled . | . . . . . Allies | -11 -10 -10 -9 -9 -------- Run | Yrd Mat Min Mat Sto Total Allies . | . . . . . Largest Group . | . . . . . Highest-Rated Group . | . . . . . Highest-Rated Ally . | . . . . . Total Orders . | . . . . . Ally Attacks . | . . . . . Total Damage . | . . . . . Kills . | . . . . . Allies Corrupted . | . . . . . Allies Melted . | . . . . . Intel | -11 -10 -10 -9 -9 ------- Run | Yrd Mat Min Mat Sto Robot Analysis Total . | . . . . . Derelict Logs Recovered 1 | . . 1 . . Drone Launches . | . . . . . Drone Recoveries . | . . . . . Exploration | -11 -10 -10 -9 -9 ------------- Run | Yrd Mat Min Mat Sto Turns Passed 1285 | 53 457 100 109 566 Spaces Moved 1187 | 37 328 221 146 455 Core 16 | 5 . . . 11 Treads . | . . . . . Legs 379 | 32 272 . . 75 Wheels . | . . . . . Hover . | . . . . . Flight 792 | . 56 221 146 369 Fastest Speed 31 | 50 37 37 31 31 Average Speed 64 | 110 105 37 31 56 Slowest Speed 150 | 120 120 37 34 150 Overloaded Moves . | . . . . . Propulsion Burnouts . | . . . . . Robots Hopped 7 | . 2 3 1 1 Cave-ins Triggered . | . . . . . Exploration Rate (%) 30 | 3 52 34 10 52 Regions Visited 4 Branch Regions 2 Pre-discovered Areas . | . . . . . Known Exits Taken 1 | . 1 . . . Unknown Exits Taken 3 | 1 . 1 1 . Scrap Searched . | . . . . . Spaces Dug . | . . . . . Terrain Destroyed 27 | . 8 . . 19 Melee . | . . . . . Projectile . | . . . . . AOE 27 | . 8 . . 19 Terrain Rammed . | . . . . . Walls Destroyed . | . . . . . Machines Disabled . | . . . . . Actions | -11 -10 -10 -9 -9 --------- Run | Yrd Mat Min Mat Sto Total 1531 | 49 393 235 197 657 Wait 96 | . . 18 43 35 Move 1170 | 36 323 215 143 453 Hop 6 | . 2 2 1 1 Pick Up 49 | 7 17 . 1 24 Fast Attach . | . . . . . Attach 30 | 6 6 . 2 16 Detach 1 | . . . . 1 Swap 21 | . 9 . 1 11 Drop 28 | . 10 . . 18 Fire 129 | . 26 . 6 97 Melee . | . . . . . Ram 1 | . . . . 1 Kick . | . . . . . Crush . | . . . . . Escape Stasis . | . . . . . Rewire . | . . . . . Trap . | . . . . . Miscellaneous . | . . . . . Route ------- -11/Scrapyard -10/Materials (discovered 3 exits: [*Mat] / *Min x2) -10/Mines (discovered 2 exits: [*Mat x2]) -9/Materials -9/Storage History --------- Turn | Location | Event 6 | -11/Scrapyard | Discovered new exit (range 16) 54 | -11/Scrapyard | Entered Materials 288 | -10/Materials | Discovered new exit (range 9) 300 | -10/Materials | Build established: Mutant 396 | -10/Materials | Discovered new exit (range 13) 397 | -10/Materials | Identified exit to Mines 511 | -10/Materials | Entered Mines 522 | -10/Mines | Met a Derelict bent on vengeance 559 | -10/Mines | Learned Materials security intel 569 | -10/Mines | Discovered new exit (range 9) 600 | -10/Mines | Discovered new exit (range 10) 611 | -10/Mines | Entered Materials 611 | -9/Materials | Evolved 2 slots: Propulsion x2 704 | -9/Materials | Discovered new exit (range 16) 720 | -9/Materials | Entered Storage 1151 | -9/Storage | Garrison activated, responded to threat 1169 | -9/Storage | Core integrity fell below 50% 1192 | -9/Storage | Lost 3 parts (1p1n1u) 1200 | -9/Storage | Core integrity fell below 20% 1285 | -9/Storage | Repaired Imp. Flight Unit 1286 | -9/Storage | Destroyed by G-34 Mercenary with Small Laser Last Messages --------------- ALERT: Suspicious activity at Terminal S018. Dispatching Investigation squad. Connecting with Repair Station... >>Scan(Imp. Flight Unit) Scanning Imp. Flight Unit... Ready to Repair: Imp. Flight Unit Rating: 2p Time: 51 >>Repair Repairing Imp. Flight Unit... ETC: 51 Flight Unit destroyed. G-34 Mercenary destroyed. Acquired 2 matter. System corrupted: Energy discharge (-50). Imp. Aluminum Leg destroyed. Repair station completes Imp. Flight Unit repairs. G-34 Mercenary destroyed. Map ----- +----------------------------------------------------+ | ?????????????????????????????????????????????????? | | ?????????????????????????????????????????????????? | | ?????????????????????????????????????????????????? | | ?????????????????????????????????????????????????? | | ?????????????????????????????????????????????????? | | ?????????????????????????????????????????????????? | | ?????????????????????????????????????????????????? | | ?????????????????????????????????????????????????? | | ?????????????????????????????????????????????????? | | ?????????????????????????????????????????????????? | | ?????????????????????????????????????????????????? | | ?????????????????????????????????????????????????? | | ?????????????????????????????????????????????????? | | ?????????????????????????????????????????????????? | | ?????????????????????????????????????????????????? | | ????????????????????????????????????????? #????? | | ????????????????????????????????????????? #????? | | ???????????????????????????#####????????? #????? | | ????????????????????????####"T"###??????? #????? | | ????????????????????????# #??????# #????? | | ????????????????????????# """ #??????# #????? | | ????????????????????????# """ #??????+ #????? | | ?????????????????????####=""" #??????# #????? | | ?????????????????????#"""%=* #??????# +????? | | ?????????????????????#"Rg[""" #??????# #????? | | ?????????????????????#"""@""" ##?????# #????? | | ?????????????????????####%""" #?????# #????? | | ????????????????????????#*=r ##?????# #????? | | ???????????????????????######+########### #????? | | ???????????????????????# [% %!% % #????? | | ???????????????????????# *[ % #????? | | ???????????????????????# % #????? | | ?????????????#?????????######+########### #????? | | ???#???????????????????# ###????# ###### | | ???????????????????????# ""#????# ## #! | | ???????????????????????# Y"#???## ## =" | | ????????????????#??????# ""#???# +* | | ???????????????????????# ###???# # " | | ?????????????########### """"" #?????# T ##T# | | ?????????????# # """"" #######= #### | | ?????????????# """" # """"" ##"""## ##?## | | ??????#??????# ""][" ############"T"### ##???? | | ?????????#???# """[]" #?#????# # ###??? | | ??############ "[]""" #??????# =]] # + "??? | | ?## ## "]["" #??????# =]! # #T#??? | | ??# " "" ## "" " #??????# ]]! + ###??? | | ??# "!]" ## #??????# # #????? | | ??# "[%" #########+######### # #????? | | ?## "!!" + ^ T + ! # #????? | | ## "[!" ### ^ ##### # #????? | +----------------------------------------------------+ Best States ------------- Heat Dissipation 28 Energy Generation 14 Energy Capacity 250 Matter Stores 300 Matter Capacity 300 Sight Range 18 Robot Scan Range 14 Terrain Scan Range 14 Terrain Scan Density 10 Evasion (%) 63 Item Schematics ----------------- None Robot Schematics ------------------ None Fabricated ------------ Nothing Alien Tech Used ----------------- None Achievements -------------- None Challenges ------------ None Game ------ Seed CloakTachyonCompressor Manual? 0 Play Time 00:25:20 Cumulative 20.4 hours Start 2024.04.04 @ 20:48:08 End 2024.04.04 @ 21:11:03 Sessions 1 Manual Loads 0 Difficulty Rogue Special Mode None Game No. 22 Rogue 17 Adventurer 5 Explorer 0 Win Type - Total 1 Types 1/0/0/0/0/0/0/0/0 Lore% 11 Gallery% 27 Achievement% 27 Wizard Run 0 Options --------- Layout 1 ASCII 0 Keyboard 0 Movement Mouse Keybinds 0 Fullscreen 1 Font 24/Terminus Map View 50x35 Zoom Use 0% Tactical HUD 0 Map Filters NONE Filters NONE Steam 1 RUN: 2732d9e7-4fa0-4dee-a2cf-58f4af580d66